 Dungeon Crawl Stone Soup version 0.28-a0-845-gfc338a8e3c (webtiles) character file.

Game seed: 16979772138529019286

20305 Gargoyl the Fighter (level 12, -3/87 HPs)
             Began as a Gnoll Abyssal Knight on Nov 13, 2021.
             Was an Elder of Lugonu.
             Slain by a polar bear (9 damage)
             ... on level 3 of the Lair of Beasts.
             The game lasted 00:21:27 (20076 turns).

Gargoyl the Fighter (Gnoll Abyssal Knight)         Turns: 20076, Time: 00:21:27

Health: -3/87      AC: 19    Str: 21    XL:     12   Next: 78%
Magic:  22/23      EV:  9    Int:  9    God:    Lugonu [****..]
Gold:   696        SH: 11    Dex: 13    Spells: 26/26 levels left

rFire   + . .      SeeInvis .   t - +7 war axe of Tartarus {speed, Str+3}
rCold   . . .      Faith    .   h - +0 buckler
rNeg    . . .      Spirit   .   y - +0 plate armour
rPois   .          Reflect  +   (helmet restricted)
rElec   .          Harm     .   f - +0 cloak
rCorr   .          Rampage  .   H - +0 pair of gloves
Will    +....                   d - +1 pair of boots
Stlth   ..........              C - amulet of reflection
HPRegen 0.24/turn               n - ring of protection from fire
MPRegen 0.18/turn               x - ring of willpower

@: unable to read
A: fangs 1, strong nose, distributed training, horns 1, frail 1, inability to
read while threatened
a: Renounce Religion, Depart the Abyss, Bend Space, Banish, Corrupt


You were on level 3 of the Lair of Beasts.
You worshipped Lugonu.
Lugonu was greatly pleased with you.
You visited 2 branches of the dungeon, and saw 11 of its levels.
You visited the Abyss 1 time.

You collected 696 gold pieces.

Inventory:

Hand Weapons
 a - a +2 hand axe
 e - a +2 dagger of venom
 l - a +0 hand axe of electrocution
 t - the +7 war axe of Tartarus (weapon) {speed, Str+3}
   (You found it on level 3 of the Lair of Beasts)

   Attacks with this weapon are significantly faster.
   Str:       It affects your strength (+3).
 E - a +5 long sword
Missiles
 s - 4 curare-tipped darts (quivered)
 F - 38 poisoned darts
 G - a throwing net
Armour
 d - a +1 pair of boots (worn)
 f - a +0 cloak (worn)
 h - a +0 buckler (worn)
 o - a +2 helmet
 y - a +0 plate armour (worn)
 H - a +0 pair of gloves (worn)
Jewellery
 m - a ring of flight
 n - a ring of protection from fire (left hand)
 x - a ring of willpower (right hand)
 C - an amulet of reflection (around neck)
 J - a ring of positive energy
Wands
 b - a wand of iceblast (12)
 j - a wand of acid (6)
 v - a wand of mindburst (16)
 z - a wand of charming (8)
 L - a wand of digging (3)
Scrolls
 c - 2 scrolls of magic mapping
 r - 2 scrolls of teleportation
 A - 2 scrolls of blinking
 K - a scroll of fear
 M - a scroll of identify
Potions
 g - 3 potions of flight
 i - 2 potions of brilliance
 k - a potion of berserk rage
 p - 6 potions of might
 q - 4 potions of curing
 u - a potion of haste
 w - a potion of heal wounds
 B - a potion of ambrosia {unknown}
 D - 2 potions of lignification {unknown}
 I - a potion of mutation


   Skills:
 + Level 10.1 Fighting
 + Level 7.6 Short Blades
 + Level 7.6 Long Blades
 + Level 9.0 Axes
 + Level 7.6 Maces & Flails
 + Level 7.6 Polearms
 + Level 7.6 Staves
 + Level 7.6 Slings
 + Level 7.6 Bows
 + Level 7.6 Crossbows
 + Level 7.6 Throwing
 + Level 9.0 Armour
 + Level 8.1 Dodging
 + Level 7.6 Stealth
 + Level 7.6 Shields
 + Level 7.6 Unarmed Combat
 + Level 7.6 Spellcasting
 + Level 6.3 Conjurations
 + Level 6.3 Hexes
 + Level 6.3 Summonings
 + Level 6.3 Necromancy
 + Level 6.3 Translocations
 + Level 6.3 Transmutations
 + Level 6.3 Fire Magic
 + Level 6.3 Ice Magic
 + Level 6.3 Air Magic
 + Level 6.3 Earth Magic
 + Level 6.3 Poison Magic
 + Level 9.6 Invocations
 + Level 7.6 Evocations


You had 26 spell levels left.
You didn't know any spells.
Your spell library contained the following spells:

 Spells                   Type           Power      Damage    Failure   Level
 Animate Skeleton         Necr           28%        N/A       24%         1
 Apportation              Tloc           28%        N/A       24%         1
 Pain                     Necr           56%        1d6       24%         1
 Summon Small Mammal      Summ           56%        N/A       24%         1
 Blink                    Tloc           28%        N/A       34%         2
 Call Canine Familiar     Summ           14%        N/A       56%         3
 Ignite Poison            Fire/Tmut/Pois 14%        N/A       56%         3
 Lesser Beckoning         Tloc           14%        N/A       56%         3
 Spider Form              Tmut/Pois      14%        N/A       56%         3
 Summon Guardian Golem    Hex/Summ       14%        N/A       56%         3
 Vampiric Draining        Necr           14%        2d7       56%         3
 Manifold Assault         Tloc           14%        N/A       100%        5
 Summon Hydra             Summ           7%         N/A       100%        7


Dungeon Overview and Level Annotations

Branches:
Dungeon (8/15)             Temple (0/1) D:6            Lair (3/6) D:8
  Snake (0/4) Lair:2
  Swamp: Lair:2-4    Shoals: Lair:2-4

Altars:
Gozag
Kikubaaqudgha
Ru
Trog
Uskayaw

Shops:
D:6 *

Annotations:
D:5 2 transporters
Abyss:1 Grum


Innate Abilities, Weirdness & Mutations

You have very sharp teeth.
Your uncanny sense of smell can sniff out nearby items.
Your experience applies equally to all skills.
You have a pair of small horns on your head.
You are frail. (-10% HP)
You sometimes lose the ability to read scrolls when taking damage.


Message History

The polar bear completely misses you. The polar bear barely misses you. x2
The polar bear claws you but does no damage.
You hit the polar bear. You bite the polar bear.
The polar bear is almost dead.
You slash the polar bear! x2; The polar bear bites you.
The polar bear closely misses you.
The polar bear claws you but does no damage.
Unknown command.
You slash the polar bear!
You kill the polar bear!
Lugonu accepts your kill.
You hit the polar bear. x2; The polar bear goes berserk! x2
Unknown command.
The polar bear bites you!!
You feel threatened and lose the ability to read scrolls!
The polar bear closely misses you.
The polar bear claws you but does no damage.
The polar bear bites you!
The polar bear claws you but does no damage. x2
Unknown command.
You barely miss the polar bear.
The polar bear is severely wounded.
You hit the polar bear. The polar bear bites you.
* * * LOW HITPOINT WARNING * * *
The polar bear claws you but does no damage. x2
The polar bear bites you!!
* * * LOW HITPOINT WARNING * * *
The polar bear claws you but does no damage. x2
You slash the polar bear! Your headbutt misses the polar bear.
The polar bear is almost dead.
You hit the polar bear but do no damage.
You block the polar bear's attack.
The polar bear claws you but does no damage. x2
You block the polar bear's attack. The polar bear closely misses you.
The polar bear barely misses you. Space bends around you!
You blink.
You block the polar bear's attack. x2
The polar bear claws you but does no damage.
The polar bear rages.
The polar bear bites you!
You die...

..............................##.
..P#.............................
.........#.######.#######.......#
......|....###....#.....#......#.
........####....###...†.##......#
.........#......#(####.........##
..#......#####.#.§..)##..#.....##
..#..........#..hh)..##.##......#
.##......##..###@######.##......#
≈##.......# . #...P##...#.....#.
.#....<..## ..##.......##.......
..........## .....P....####......
#..........#########.###..#..)...
##(...........###................
.......................#####.#..#
.......................# ######
..##'##............###.## ##


You could see 2 polar bears.

Vanquished Creatures
  A two-headed ogre (D:7)
  Urug (Lair:1)
  5 cane toads
  A torpor snail (Lair:1)
  Maggie (D:6)
  3 rime drakes
  4 komodo dragons
  2 polar bears (Lair:3)
  3 blink frogs (Lair:2)
  5 wyverns
  32 yaks
  3 basilisks
  A steam dragon (Lair:3)
  4 nagas
  An acid dragon (D:8)
  12 water moccasins
  3 orc warriors
  2 sky beasts
  2 necrophages
  A hornet zombie (D:6)
  2 ogres
  5 black bears
  27 wolves
  A centaur (D:5)
  A phantom (D:5)
  2 kobold brigands (D:8)
  A scorpion (D:7)
  7 bullfrogs
  9 wights
  A bullfrog zombie (D:5)
  A gnoll shaman (D:5)
  A centaur zombie (D:5)
  A hound (D:5)
  A jelly (D:4)
  A centaur skeleton (D:6)
  5 orc priests
  Crazy Yiuf (D:3)
  5 iguanas
  5 orc wizards
  Natasha (thrice) (D:2)
  Robin (D:2)
  A howler monkey skeleton (D:7)
  9 gnolls
  10 adders
  A shadow imp (D:8)
  3 white imps
  2 ufetubi
  2 dart slugs
  18 orcs
  8 ball pythons
  6 bats
  6 endoplasms
  A giant cockroach (D:1)
  24 goblins
  13 hobgoblins
  9 jackals
  13 kobolds
  9 quokkas
  4 frilled lizards
  6 rats
313 creatures vanquished.

Vanquished Creatures (others)
  10 fungi
  23 plants
33 creatures vanquished.

Grand Total: 346 creatures vanquished

Notes
Turn   | Place    | Note
-------+----------+-------------------------------------------
     0 | Abyss:1  | Gargoyl the Gnoll Abyssal Knight began the quest for the
                  | Orb.
     0 | Abyss:1  | Reached XP level 1. HP: 23/23 MP: 3/3
    25 | Abyss:2  | Noticed a hellion
    26 | Abyss:2  | Found a corrupted altar of Lugonu.
    38 | D:1      | Escaped the Abyss
   311 | D:1      | Reached XP level 2. HP: 29/29 MP: 5/5
   489 | D:1      | Reached * piety under Lugonu
   678 | D:1      | Reached XP level 3. HP: 35/35 MP: 6/6
  1452 | D:1      | Reached skill level 1 in Short Blades
  1452 | D:1      | Reached skill level 1 in Long Blades
  1452 | D:1      | Reached skill level 1 in Maces & Flails
  1452 | D:1      | Reached skill level 1 in Polearms
  1452 | D:1      | Reached skill level 1 in Staves
  1452 | D:1      | Reached skill level 1 in Slings
  1452 | D:1      | Reached skill level 1 in Bows
  1452 | D:1      | Reached skill level 1 in Crossbows
  1452 | D:1      | Reached skill level 1 in Throwing
  1452 | D:1      | Reached skill level 1 in Stealth
  1452 | D:1      | Reached skill level 1 in Shields
  1452 | D:1      | Reached skill level 1 in Unarmed Combat
  1452 | D:1      | Reached skill level 1 in Spellcasting
  1452 | D:1      | Reached skill level 1 in Evocations
  1567 | D:2      | Noticed Robin
  1567 | D:2      | Found a faded altar of an unknown god.
  1579 | D:1      | Reached XP level 4. HP: 38/41 MP: 7/7
  1611 | D:1      | Reached ** piety under Lugonu
  1789 | D:2      | Killed Robin
  1795 | D:2      | HP: 2/41 [poisoned by Robin]
  2148 | D:2      | Got Plato's Incunabulum of Translocation
  2167 | D:2      | Noticed Natasha
  2187 | D:1      | Reached skill level 1 in Conjurations
  2187 | D:1      | Reached skill level 1 in Hexes
  2187 | D:1      | Reached skill level 1 in Summonings
  2187 | D:1      | Reached skill level 1 in Necromancy
  2187 | D:1      | Reached skill level 1 in Translocations
  2187 | D:1      | Reached skill level 1 in Transmutations
  2187 | D:1      | Reached skill level 1 in Fire Magic
  2187 | D:1      | Reached skill level 1 in Ice Magic
  2187 | D:1      | Reached skill level 1 in Air Magic
  2187 | D:1      | Reached skill level 1 in Earth Magic
  2187 | D:1      | Reached skill level 1 in Poison Magic
  2324 | D:2      | Killed Natasha
  2325 | D:2      | Reached XP level 5. HP: 21/47 MP: 8/8
  2367 | D:2      | Noticed Natasha
  2379 | D:2      | Killed Natasha
  2436 | D:2      | Noticed Natasha
  2442 | D:2      | Killed Natasha
  3440 | D:3      | Reached skill level 5 in Invocations
  3460 | D:3      | Reached XP level 6. HP: 42/53 MP: 9/9
  3598 | D:3      | You are sucked into a shaft and drop 1 floor!
  3660 | D:4      | Reached skill level 5 in Axes
  3660 | D:4      | Reached skill level 5 in Armour
  4327 | D:3      | Reached XP level 7. HP: 55/59 MP: 10/10
  4518 | D:3      | Reached skill level 7 in Fighting
  4941 | D:3      | Found a runed translucent door.
  4942 | D:3      | Noticed Crazy Yiuf
  4954 | D:3      | Killed Crazy Yiuf
  5119 | D:4      | Reached *** piety under Lugonu
  5255 | D:4      | Found a bloodstained altar of Trog.
  5256 | D:4      | Gained mutation: You sometimes lose the ability to read
                  | scrolls when taking damage. [potion of mutation]
  5256 | D:4      | Gained mutation: You are frail. (-10% HP) [potion of
                  | mutation]
  5256 | D:4      | Gained mutation: You have a pair of small horns on your
                  | head. [potion of mutation]
  5755 | D:5      | Entered Level 5 of the Dungeon
  6156 | D:5      | Found a sacrificial altar of Ru.
  6156 | D:5      | Found a hide-covered altar of Uskayaw.
  6167 | D:5      | Found a transporter.
  6231 | D:5      | Reached XP level 8. HP: 51/60 MP: 12/12
  6672 | D:5      | Found a transporter.
  6823 | D:5      | Got the Almanac of Creative Toxins
  6922 | D:6      | Found Gozag's Platinum Reserve.
  6926 | D:6      | Found an opulent altar of Gozag.
  6947 | D:6      | Identified the +1 ring mail "Tyem" {Rampage Dex+2}
  7133 | D:6      | Found a staircase to the Ecumenical Temple.
  7188 | D:6      | Noticed Maggie
  7200 | D:6      | Killed Maggie
  7201 | D:6      | Reached XP level 9. HP: 42/64 MP: 12/14
  8476 | D:7      | Identified a scroll of acquirement
  8476 | D:7      | Acquired an amulet of reflection
  8513 | D:7      | Reached skill level 5 in Dodging
  9252 | D:7      | Reached skill level 8 in Fighting
  9640 | D:7      | Noticed a two-headed ogre
  9689 | D:7      | Killed a two-headed ogre
  9690 | D:7      | Reached XP level 10. HP: 40/72 MP: 15/17
 10063 | D:7      | Reached skill level 5 in Short Blades
 10063 | D:7      | Reached skill level 5 in Long Blades
 10063 | D:7      | Reached skill level 5 in Maces & Flails
 10063 | D:7      | Reached skill level 5 in Polearms
 10063 | D:7      | Reached skill level 5 in Staves
 10063 | D:7      | Reached skill level 5 in Slings
 10063 | D:7      | Reached skill level 5 in Bows
 10063 | D:7      | Reached skill level 5 in Crossbows
 10063 | D:7      | Reached skill level 5 in Throwing
 10063 | D:7      | Reached skill level 5 in Stealth
 10063 | D:7      | Reached skill level 5 in Shields
 10063 | D:7      | Reached skill level 5 in Unarmed Combat
 10063 | D:7      | Reached skill level 5 in Spellcasting
 10063 | D:7      | Reached skill level 5 in Evocations
 10266 | D:7      | Reached **** piety under Lugonu
 11226 | D:8      | Found a staircase to the Lair.
 11928 | D:8      | Noticed Grum
 11977 | D:8      | Banished Grum
 12343 | D:8      | Reached XP level 11. HP: 63/77 MP: 19/19
 12655 | Lair:1   | Entered Level 1 of the Lair of Beasts
 12719 | Lair:1   | Reached skill level 9 in Fighting
 12816 | Lair:1   | Found an ancient bone altar of Kikubaaqudgha.
 13022 | Lair:1   | Reached skill level 5 in Conjurations
 13022 | Lair:1   | Reached skill level 5 in Hexes
 13022 | Lair:1   | Reached skill level 5 in Summonings
 13022 | Lair:1   | Reached skill level 5 in Necromancy
 13022 | Lair:1   | Reached skill level 5 in Translocations
 13022 | Lair:1   | Reached skill level 5 in Transmutations
 13022 | Lair:1   | Reached skill level 5 in Fire Magic
 13022 | Lair:1   | Reached skill level 5 in Ice Magic
 13022 | Lair:1   | Reached skill level 5 in Air Magic
 13022 | Lair:1   | Reached skill level 5 in Earth Magic
 13022 | Lair:1   | Reached skill level 5 in Poison Magic
 13940 | Lair:1   | Noticed Urug
 13970 | Lair:1   | Killed Urug
 15718 | Lair:2   | Noticed an eight-headed hydra
 15723 | Lair:2   | Banished an eight-headed hydra
 15985 | Lair:1   | Reached XP level 12. HP: 83/86 MP: 22/22
 16901 | Lair:2   | Found a staircase to the Snake Pit.
 19219 | Lair:3   | Identified the +7 war axe of Tartarus {speed, Str+3}
 19294 | Lair:3   | Reached skill level 10 in Fighting
 20076 | Lair:3   | Slain by a polar bear

Illustrated notes

Levels and vault maps discovered:
D:1:      minmay_arrival_four_houses, layout_loops_corners
D:2:      layout_rooms, shapermc_ecumenical_altar_rom_forum, uniq_robin,
          uniq_natasha
D:3:      minmay_bubble_buster, layout_basic, uniq_crazy_yiuf_cottage
D:4:      layout_basic, trog_three_pillars_becter
D:5:      gammafunk_cloud_chamber, layout_basic,
          chequers_temple_overflow_statue_of_worship, minmay_misc_feat_tiny
D:6:      layout_cave_pools, nicolae_gozag_zags_fifth_avenue,
          minmay_temple_entry_overgrown, uniq_maggie
D:7:      layout_loops_ring
D:8:      layout_loops_ring, minmay_lair_entry_grove,
          chequers_serial_rivers_micro_d, uniq_grum
Lair:1:   layout_roguey, basic_altar, st_stairs_12, uniq_urug
Lair:2:   layout_gridlike, minmay_snake_entry_guardpost_small,
          serial_bayou_shore_a
Lair:3:   beast_lair_carwin_large_3, layout_chaotic_city,
          eino_small_chamber_without_monster, nicolae_lair_grove_arrangements,
          grunt_megastairs_4, infiniplex_staircase_pool

Skill      XL: |  1  2  3  4  5  6  7  8  9 10 11 12 |
---------------+-------------------------------------+-----
Short Blades   | 1 2 3 4 5 6 7 |  7.6
Long Blades    | 1 2 3 4 5 6 7 |  7.6
Maces & Flails | 1 2 3 4 5 6 7 |  7.6
Polearms       | 1 2 3 4 5 6 7 |  7.6
Staves         | 1 2 3 4 5 6 7 |  7.6
Slings         | 1 2 3 4 5 6 7 |  7.6
Bows           | 1 2 3 4 5 6 7 |  7.6
Crossbows      | 1 2 3 4 5 6 7 |  7.6
Throwing       | 1 2 3 4 5 6 7 |  7.6
Stealth        | 1 2 3 4 5 6 7 |  7.6
Shields        | 1 2 3 4 5 6 7 |  7.6
Unarmed Combat | 1 2 3 4 5 6 7 |  7.6
Spellcasting   | 1 2 3 4 5 6 7 |  7.6
Evocations     | 1 2 3 4 5 6 7 |  7.6
Conjurations   | 1 2 3 4 5 6 |  6.3
Hexes          | 1 2 3 4 5 6 |  6.3
Summonings     | 1 2 3 4 5 6 |  6.3
Necromancy     | 1 2 3 4 5 6 |  6.3
Translocations | 1 2 3 4 5 6 |  6.3
Transmutations | 1 2 3 4 5 6 |  6.3
Fire Magic     | 1 2 3 4 5 6 |  6.3
Ice Magic      | 1 2 3 4 5 6 |  6.3
Air Magic      | 1 2 3 4 5 6 |  6.3
Earth Magic    | 1 2 3 4 5 6 |  6.3
Poison Magic   | 1 2 3 4 5 6 |  6.3
Dodging        | 3 4 5 6 7 8 |  8.1
Invocations    | 5 6 7 8 9 |  9.6
Axes           | 5 6 7 8 9 |  9.0
Armour         | 5 6 7 8 9 |  9.0
Fighting       | 7 8 9 10 | 10.1

Action                   |  1- 3 |  4- 6 |  7- 9 | 10-12 || total
-------------------------+-------+-------+-------+-------++-------
Melee: Hand axe          |   113 |    26 |   122 |    87 ||   348
       Bite              |     5 |    23 |    40 |   164 ||   232
       Punch             |     2 |     1 |       |       ||     3
       Dagger            |       |   171 |   249 |  1031 ||  1451
       Headbutt          |       |       |    74 |   274 ||   348
       War axe           |       |       |       |    55 ||    55
Throw: Javelin           |       |     2 |     7 |     2 ||    11
       Dart              |       |       |    16 |    12 ||    28
Invok: Depart the Abyss  |     1 |       |       |       ||     1
       Bend Space        |       |       |     2 |     4 ||     6
       Banish            |       |       |       |     5 ||     5
Evoke: Wand              |       |       |       |     1 ||     1
  Use: Potion            |       |     5 |     1 |     5 ||    11
       Scroll            |       |     8 |     6 |     5 ||    19
Armor: Leather armour    |    11 |       |       |       ||    11
       Chain mail        |    72 |   188 |    67 |       ||   327
       Plate armour      |       |       |   160 |   398 ||   558
Dodge: Dodged            |    50 |    92 |   118 |   235 ||   495
Block: Buckler           |       |       |    80 |   452 ||   532
       Reflection        |       |       |       |     6 ||     6

Table legend: (Time is in decaauts)
 A = Elapsed time spent in this place.
 B = Non-inter-level travel time spent in this place.
 C = Inter-level travel time spent in this place.
 D = Time resting spent in this place.
 E = Time spent auto-exploring this place.
 F = Levels seen in this place.
 G = Mean time per level.
                   A        B        C        D        E       F      G
               +--------+--------+--------+--------+--------+-----+--------+
         Total |  19746 |  19202 |    544 |   4143 |  11317 |  13 | 1518.9 |
       Dungeon |  12538 |  12060 |    478 |   1826 |   7777 |   8 | 1567.2 |
          Lair |   7169 |   7103 |     66 |   2317 |   3519 |   3 | 2389.7 |
         Abyss |     38 |     38 |      0 |      0 |     20 |   2 |   19.0 |
               +--------+--------+--------+--------+--------+-----+--------+

Top non-repeatable levels by time:
  Lair:1: 4060 daAuts
     D:7: 2497 daAuts
  Lair:2: 2028 daAuts
     D:1: 2013 daAuts
     D:6: 1594 daAuts
     D:3: 1428 daAuts
     D:8: 1423 daAuts
     D:4: 1361 daAuts
     D:5: 1295 daAuts
  Lair:3: 1080 daAuts
     D:2: 923 daAuts
 Abyss:1: 24 daAuts
 Abyss:2: 13 daAuts
